NWL (28 & UNDER)
RIVERSIDE RED BULLS @ RED DEER WRANGLERS
05/12/2026
 
TOP OF THE 1ST
Riverside Red Bulls batting - Pitching for Red Deer Wranglers : RHP William Bryan
Pitching: RHP William Bryan
Batting: RHB Tom Howe 0-0: SINGLE (Groundball, 34D)
Batting: RHB Pedro Mata 0-0: Foul Ball, location: 2F
0-1: Ball
1-1: Ball
2-1: Ball
3-1: Foul Ball, location: 2F
3-2: Base on Balls
Tom Howe to second
Batting: LHB Paco Rivera 0-0: Ball
1-0: Foul Ball, location: 2F
1-1: Called Strike
1-2: Foul Ball, location: 2F
1-2: SINGLE (Groundball, 4MD)
Tom Howe to third
Pedro Mata to second
Batting: RHB Earnest Finnegan 0-0: Called Strike
0-1: Swinging Strike
0-2: Strikes out swinging
Batting: RHB Marcos Hernández 0-0: Called Strike
0-1: Foul Ball, location: 2F
0-2: Ball
1-2: Ball
2-2: Ball
3-2: Ground out 5-3 (Groundball, 56S)
Tom Howe scores
Pedro Mata to third
Paco Rivera to second
Batting: LHB Mike Petersen 0-0: Called Strike
0-1: Ball
1-1: Ball
2-1: Called Strike
2-2: Foul Ball, location: 2F
2-2: Foul Ball, location: 2F
2-2: Ball
3-2: Base on Balls
Batting: RHB Fernando Gálvez 0-0: Ball
1-0: Ball
2-0: Ball
3-0: Base on Balls
Pedro Mata scores
Paco Rivera to third
Mike Petersen to second
Batting: RHB Enrique Flores 0-0: Called Strike
0-1: Foul Ball, location: 2F
0-2: Ball
1-2: Ball
2-2: Foul Ball, location: 2F
2-2: Foul Ball, location: 2F
2-2: Ball
3-2: Fly out, F8 (Flyball, 8LM)
Top of the 1st over - 2 run(s), 2 hit(s), 0 error(s), 3 left on base; Riverside 2 - Red Deer 0
BOTTOM OF THE 1ST
Red Deer Wranglers batting - Pitching for Riverside Red Bulls : RHP Emery Graham
Pitching: RHP Emery Graham
Batting: RHB Tom Rowe 0-0: Swinging Strike
0-1: Ball
1-1: Foul Ball, location: 2F
1-2: Fly out, F4 (Popup, 4MD)
Batting: RHB Paul Swift 0-0: Ball
1-0: Called Strike
1-1: Ball
2-1: Ball
3-1: Foul Ball, location: 2F
3-2: Base on Balls
Batting: LHB Greg Nelson 0-0: Ball
1-0: Called Strike
1-1: Foul Ball, location: 2F
1-2: Fielders Choice at 2nd, 3-6 (Groundball, 34)
Batting: LHB Enrico Vargas 0-0: Ball
1-0: Foul Ball, location: 2F
1-1: Swinging Strike
1-2: Ball
2-2: Ground out 4-3 (Groundball, 4)
Bottom of the 1st over - 0 run(s), 0 hit(s), 0 error(s), 1 left on base; Riverside 2 - Red Deer 0
TOP OF THE 2ND
Riverside Red Bulls batting - Pitching for Red Deer Wranglers : RHP William Bryan
Batting: SHB Luis Alonso 0-0: Ball
1-0: Ball
2-0: SINGLE (Flyball, 8LS)
Batting: RHB Tom Howe 0-0: Foul Ball, location: 2F
0-1: Called Strike
0-2: Ground out 5-3 (Groundball, 5S)
Luis Alonso to second
Batting: RHB Pedro Mata 0-0: Ball
1-0: Ball
2-0: Called Strike
2-1: Ball
3-1: Base on Balls
Batting: LHB Paco Rivera 0-0: Ball
1-0: SINGLE (Groundball, 4M)
Luis Alonso to third
Pedro Mata to second
Runner from 3rd tries for Home, throw and OUT!
Batting: RHB Earnest Finnegan 0-0: Called Strike
0-1: Foul Ball, location: 2F
0-2: Strikes out swinging
Top of the 2nd over - 0 run(s), 2 hit(s), 0 error(s), 2 left on base; Riverside 2 - Red Deer 0
BOTTOM OF THE 2ND
Red Deer Wranglers batting - Pitching for Riverside Red Bulls : RHP Emery Graham
Batting: LHB Jorge Olvera 0-0: Ball
1-0: Ball
2-0: Called Strike
2-1: Ball
3-1: Foul Ball, location: 2F
3-2: Base on Balls
Batting: RHB Carlos Peña 0-0: Ball
1-0: Swinging Strike
1-1: Foul Ball, location: 2F
1-2: Strikes out looking
Batting: LHB Fred Abrams 0-0: Ball
1-0: Ball
2-0: Ball
3-0: Base on Balls
Jorge Olvera to second
Batting: LHB Andrew Veeck 0-0: Called Strike
0-1: Ball
Jorge Olvera steals 3rd base
Fred Abrams to second
1-1: Reached on error, E4 (Groundball, 4)
Jorge Olvera scores
Fred Abrams to third
Batting: RHB Juan Carlos Alfonzo 0-0: Called Strike
Andrew Veeck steals 2nd base
0-1: Swinging Strike
0-2: Ball
1-2: DOUBLE (Flyball, 9LS)
Fred Abrams scores
Andrew Veeck scores
Batting: RHB Tom Rowe 0-0: Ball
1-0: Foul Ball, location: 2F
1-1: Swinging Strike
1-2: Ball
2-2: Strikes out swinging
Batting: RHB Paul Swift 0-0: Ball
1-0: Ball
2-0: Ball
3-0: Swinging Strike
3-1: Base on Balls
Batting: LHB Greg Nelson 0-0: Ball
1-0: Called Strike
1-1: Foul Ball, location: 2F
1-2: Ball
2-2: SINGLE (Groundball, 6M)
Juan Carlos Alfonzo to third
Paul Swift to second
Runner from 3rd tries for Home, SAFE, no throw or cutoff
Batting: LHB Enrico Vargas 0-0: Ball
1-0: Ball
2-0: Ball
3-0: Base on Balls
Paul Swift to third
Greg Nelson to second
Batting: LHB Jorge Olvera 0-0: Foul Ball, location: 2F
0-1: SINGLE (Groundball, 34D)
Paul Swift scores
Greg Nelson to third
Enrico Vargas to second
Runner from 3rd tries for Home, SAFE, no throw or cutoff
Batting: RHB Carlos Peña 0-0: Ball
1-0: Called Strike
1-1: Swinging Strike
1-2: Strikes out looking
Bottom of the 2nd over - 6 run(s), 3 hit(s), 1 error(s), 2 left on base; Riverside 2 - Red Deer 6
TOP OF THE 3RD
Riverside Red Bulls batting - Pitching for Red Deer Wranglers : RHP William Bryan
Batting: RHB Marcos Hernández 0-0: Fly out, F7 (Flyball, 7LM)
Batting: LHB Mike Petersen 0-0: Ball
1-0: Ball
2-0: Bunted foul
2-1: Foul Ball, location: 2F
2-2: Foul Ball, location: 2F
2-2: Ball
3-2: Foul Ball, location: 2F
3-2: Fly out, F9 (Flyball, 89M)
Batting: RHB Fernando Gálvez 0-0: Ball
1-0: Swinging Strike
1-1: Called Strike
1-2: Ball
2-2: Strikes out looking
Top of the 3rd over - 0 run(s), 0 hit(s), 0 error(s), 0 left on base; Riverside 2 - Red Deer 6
BOTTOM OF THE 3RD
Red Deer Wranglers batting - Pitching for Riverside Red Bulls : RHP Emery Graham
Batting: LHB Fred Abrams 0-0: Called Strike
0-1: Ball
1-1: Ball
2-1: Ball
3-1: Swinging Strike
3-2: Ground out 3-1 (Groundball, 34)
Batting: LHB Andrew Veeck 0-0: Swinging Strike
0-1: Swinging Strike
0-2: Ball
1-2: Ball
2-2: Strikes out swinging
Batting: RHB Juan Carlos Alfonzo 0-0: Swinging Strike
0-1: Swinging Strike
0-2: Foul Ball, location: 2F
0-2: Foul Ball, location: 2F
0-2: Strikes out swinging
Bottom of the 3rd over - 0 run(s), 0 hit(s), 0 error(s), 0 left on base; Riverside 2 - Red Deer 6
TOP OF THE 4TH
Riverside Red Bulls batting - Pitching for Red Deer Wranglers : RHP William Bryan
Batting: RHB Enrique Flores 0-0: Ball
1-0: Ball
2-0: Ball
3-0: Called Strike
3-1: Base on Balls
Batting: SHB Luis Alonso 0-0: SINGLE (Line Drive, 8LS)
Enrique Flores to second
Batting: RHB Tom Howe 0-0: Ball
1-0: Swinging Strike
1-1: Ball
2-1: Foul Ball, location: 2F
2-2: Strikes out swinging
Batting: RHB Pedro Mata 0-0: Ball
1-0: Grounds into double play, 5-4-3 (Groundball, 56)
Top of the 4th over - 0 run(s), 1 hit(s), 0 error(s), 1 left on base; Riverside 2 - Red Deer 6
BOTTOM OF THE 4TH
Red Deer Wranglers batting - Pitching for Riverside Red Bulls : RHP Emery Graham
Pitching: LHP Chuck Cox
Batting: RHB Tom Rowe 0-0: Foul Ball, location: 2F
0-1: Ball
1-1: Ball
2-1: Foul Ball, location: 2F
2-2: SINGLE (Groundball, 5D)
Batting: RHB Paul Swift 0-0: Ball
1-0: Ball
2-0: Ground out 3-1 (Groundball, 34)
Tom Rowe to second
Batting: LHB Greg Nelson 0-0: Ball
1-0: Foul Ball, location: 2F
1-1: DOUBLE (Line Drive, 89D)
Tom Rowe scores
Batting: LHB Enrico Vargas 0-0: Ball
1-0: Called Strike
1-1: Swinging Strike
1-2: SINGLE (Groundball, 4M)
Greg Nelson to third
Runner from 3rd tries for Home, SAFE, no throw or cutoff
Batting: LHB Jorge Olvera 0-0: Ball
1-0: Ball
2-0: Ball
3-0: Called Strike
3-1: Base on Balls
Enrico Vargas to second
Batting: RHB Carlos Peña 0-0: Called Strike
0-1: Ball
1-1: Called Strike
1-2: Foul Ball, location: 2F
1-2: Strikes out looking
Batting: LHB Fred Abrams 0-0: Swinging Strike
0-1: Foul Ball, location: 2F
0-2: Strikes out swinging
Bottom of the 4th over - 2 run(s), 3 hit(s), 0 error(s), 2 left on base; Riverside 2 - Red Deer 8
TOP OF THE 5TH
Riverside Red Bulls batting - Pitching for Red Deer Wranglers : RHP William Bryan
Batting: LHB Paco Rivera 0-0: Foul Ball, location: 2F
0-1: Ball
1-1: Ball
2-1: Foul Ball, location: 2F
2-2: Foul Ball, location: 2F
2-2: Foul Ball, location: 2F
2-2: Foul Ball, location: 2F
2-2: Ball
3-2: Foul Ball, location: 2F
3-2: Foul Ball, location: 2F
3-2: Base on Balls
Pitching: RHP Russell Cooper
Batting: RHB Earnest Finnegan 0-0: Ball
1-0: SINGLE (Groundball, 56D)
Paco Rivera to second
Batting: RHB Marcos Hernández 0-0: Foul Ball, location: 2F
0-1: SINGLE (Line Drive, 56)
Paco Rivera to third
Earnest Finnegan to second
Batting: LHB Mike Petersen 0-0: Foul Ball, location: 2F
0-1: Foul Ball, location: 2F
0-2: Ball
1-2: Ball
2-2: Strikes out swinging
Batting: RHB Fernando Gálvez 0-0: Ball
1-0: Called Strike
1-1: Ball
2-1: Ball
3-1: Foul Ball, location: 2F
3-2: Grounds into fielders choice 1-2 (Groundball, 15)
Earnest Finnegan to third
Marcos Hernández to second
Batting: RHB Enrique Flores 0-0: Called Strike
0-1: Foul Ball, location: 2F
0-2: Ball
1-2: Foul Ball, location: 2F
1-2: Ball
2-2: Fielders Choice at 2nd, 5-4 (Groundball, 56)
Top of the 5th over - 0 run(s), 2 hit(s), 0 error(s), 2 left on base; Riverside 2 - Red Deer 8
BOTTOM OF THE 5TH
Red Deer Wranglers batting - Pitching for Riverside Red Bulls : LHP Chuck Cox
Batting: LHB Andrew Veeck 0-0: Ball
1-0: Ball
2-0: Swinging Strike
2-1: Foul Ball, location: 2F
2-2: Ground out 5-3 (Groundball, 56S)
Batting: RHB Juan Carlos Alfonzo 0-0: Called Strike
0-1: Swinging Strike
0-2: Ball
1-2: Ball
2-2: SINGLE (Groundball, 34)
Batting: RHB Tom Rowe 0-0: SINGLE (Groundball, 6D)
Juan Carlos Alfonzo to second
Batting: RHB Paul Swift 0-0: Foul Ball, location: 2F
0-1: DOUBLE (Line Drive, 5L)
Juan Carlos Alfonzo scores
Tom Rowe to third
Runner from 3rd tries for Home, SAFE, no throw or cutoff
Pitching: RHP Don Kirk
Batting: LHB Greg Nelson 0-0: Foul Ball, location: 2F
0-1: Ball
1-1: Fly out, F7 (Flyball, 78S)
Batting: LHB Enrico Vargas 0-0: Ground out 4-3 (Groundball, 4)
Bottom of the 5th over - 2 run(s), 3 hit(s), 0 error(s), 1 left on base; Riverside 2 - Red Deer 10
TOP OF THE 6TH
Riverside Red Bulls batting - Pitching for Red Deer Wranglers : RHP Russell Cooper
Batting: SHB Luis Alonso 0-0: Foul Ball, location: 2F
0-1: Ground out U3 (Groundball, 3L)
Batting: RHB Tom Howe 0-0: Ball
1-0: Called Strike
1-1: Called Strike
1-2: Strikes out swinging
Batting: RHB Pedro Mata 0-0: Ball
1-0: Ball
2-0: SINGLE (Line Drive, 8LS)
Batting: LHB Paco Rivera 0-0: Ball
1-0: Swinging Strike
1-1: Called Strike
1-2: Ball
Pedro Mata steals 2nd base
2-2: Ball
3-2: Foul Ball, location: 2F
3-2: Base on Balls
Batting: RHB Earnest Finnegan 0-0: Foul Ball, location: 2F
0-1: Called Strike
0-2: Ball
1-2: Fly out, F8 (Flyball, 8RM)
Top of the 6th over - 0 run(s), 1 hit(s), 0 error(s), 2 left on base; Riverside 2 - Red Deer 10
BOTTOM OF THE 6TH
Red Deer Wranglers batting - Pitching for Riverside Red Bulls : RHP Don Kirk
Batting: LHB Jorge Olvera 0-0: Ball
1-0: Ball
2-0: Ball
3-0: Called Strike
3-1: Called Strike
3-2: Base on Balls
Batting: RHB Carlos Peña 0-0: Ball
1-0: SINGLE (Groundball, 3D)
Jorge Olvera to second
Runner from 2nd tries for 3rd, SAFE, no throw or cutoff
Batting: LHB Fred Abrams 0-0: Ball
1-0: Foul Ball, location: 2F
1-1: Ball
2-1: Foul Ball, location: 2F
2-2: Fly out, F9 (Flyball, 89D)
Runner from 3rd tags up, SCORES, no throw
Batting: LHB Andrew Veeck 0-0: Ball
1-0: Called Strike
1-1: SINGLE (Line Drive, 78M)
Carlos Peña to second
Batting: RHB Juan Carlos Alfonzo 0-0: Ball
1-0: Called Strike
1-1: Swinging Strike
1-2: SINGLE (Groundball, 56D)
Carlos Peña to third
Andrew Veeck to second
Runner from 3rd tries for Home, SAFE, no throw or cutoff
Batting: RHB Tom Rowe 0-0: Hit by Pitch
Andrew Veeck to third
Juan Carlos Alfonzo to second
Batting: RHB Paul Swift 0-0: Called Strike
0-1: Called Strike
0-2: Ball
1-2: Foul Ball, location: 2F
1-2: Strikes out swinging
Batting: LHB Greg Nelson 0-0: Foul Ball, location: 2F
0-1: Ball
1-1: Ball
2-1: Ball
3-1: Base on Balls
Andrew Veeck scores
Juan Carlos Alfonzo to third
Tom Rowe to second
Pitching: RHP Ricardo López
Batting: LHB Enrico Vargas 0-0: Ball
1-0: Ball
2-0: Ball
3-0: Base on Balls
Juan Carlos Alfonzo scores
Tom Rowe to third
Greg Nelson to second
Batting: LHB Jorge Olvera 0-0: SINGLE (Line Drive, 6D)
Tom Rowe scores
Greg Nelson to third
Enrico Vargas to second
Runner from 3rd tries for Home, SAFE, no throw or cutoff
Batting: RHB Carlos Peña 0-0: Ball
1-0: Foul Ball, location: 2F
1-1: Ground out 1-3 (Groundball, 13S)
Bottom of the 6th over - 6 run(s), 4 hit(s), 0 error(s), 2 left on base; Riverside 2 - Red Deer 16
TOP OF THE 7TH
Riverside Red Bulls batting - Pitching for Red Deer Wranglers : RHP Russell Cooper
Pitching: RHP Simón Amejorado
Batting: RHB Marcos Hernández 0-0: Called Strike
0-1: Ball
1-1: Foul Ball, location: 2F
1-2: Foul Ball, location: 2F
1-2: Foul Ball, location: 2F
1-2: Ball
2-2: Ball
3-2: SOLO HOME RUN (Flyball, 7LD), Distance : 318 ft
Batting: LHB Mike Petersen 0-0: Ball
1-0: Ball
2-0: Called Strike
2-1: Ball
3-1: Ground out U3 (Groundball, 3S)
Batting: RHB Fernando Gálvez 0-0: Called Strike
0-1: Ball
1-1: Foul Ball, location: 2F
1-2: Ball
2-2: Ball
3-2: Base on Balls
Batting: RHB Enrique Flores 0-0: Ball
1-0: Foul Ball, location: 2F
1-1: Foul Ball, location: 2F
1-2: Foul Ball, location: 2F
1-2: Fly out, F8 (Flyball, 8LS)
Batting: SHB Luis Alonso 0-0: Called Strike
0-1: Ground out 4-3 (Groundball, 4)
Top of the 7th over - 1 run(s), 1 hit(s), 0 error(s), 1 left on base; Riverside 3 - Red Deer 16
BOTTOM OF THE 7TH
Red Deer Wranglers batting - Pitching for Riverside Red Bulls : RHP Ricardo López
Batting: LHB Fred Abrams 0-0: Ball
1-0: Called Strike
1-1: Foul Ball, location: 2F
1-2: Foul Ball, location: 2F
1-2: Ball
2-2: Fly out, F8 (Flyball, 8LD)
Batting: LHB Andrew Veeck 0-0: Ball
1-0: Foul Ball, location: 2F
1-1: SINGLE (Groundball, 34S)
Batting: RHB Juan Carlos Alfonzo 0-0: Ball
1-0: Foul Ball, location: 2F
1-1: Grounds into double play, 6-4-3 (Groundball, 6)
Bottom of the 7th over - 0 run(s), 1 hit(s), 0 error(s), 0 left on base; Riverside 3 - Red Deer 16
TOP OF THE 8TH
Riverside Red Bulls batting - Pitching for Red Deer Wranglers : RHP Simón Amejorado
Batting: RHB Tom Howe 0-0: Called Strike
0-1: Ball
1-1: Called Strike
1-2: Foul Ball, location: 2F
1-2: SINGLE (Line Drive, 8LS)
Batting: RHB Pedro Mata 0-0: Called Strike
0-1: Ball
1-1: Fielders Choice at 2nd, 5-4 (Groundball, 56)
Batting: LHB Paco Rivera 0-0: Ball
1-0: Ball
2-0: Foul Ball, location: 2F
2-1: Ball
3-1: Base on Balls
Pedro Mata to second
Batting: RHB Earnest Finnegan 0-0: Ball
1-0: Foul Ball, location: 2F
1-1: Ball
2-1: SINGLE (Line Drive, 89S)
Pedro Mata to third
Paco Rivera to second
Runner from 3rd tries for Home, SAFE, no throw or cutoff
Batting: RHB Marcos Hernández 0-0: Called Strike
0-1: Foul Ball, location: 2F
0-2: Foul Ball, location: 2F
0-2: Ball
1-2: Ball
2-2: Ball
3-2: SINGLE (Line Drive, 7LS)
Paco Rivera to third
Earnest Finnegan to second
Batting: LHB Mike Petersen 0-0: Ball
1-0: Ball
2-0: Ball
3-0: Called Strike
3-1: Foul Ball, location: 2F
3-2: Base on Balls
Paco Rivera scores
Earnest Finnegan to third
Marcos Hernández to second
Batting: RHB Fernando Gálvez 0-0: Ball
1-0: Ball
2-0: SINGLE (Groundball, 56D)
Earnest Finnegan scores
Marcos Hernández to third
Mike Petersen to second
Runner from 3rd tries for Home, SAFE, no throw or cutoff
Pitching: RHP José Ramos
Batting: RHB Enrique Flores 0-0: Ball
1-0: Ball
2-0: Called Strike
2-1: Fly out, F8 (Flyball, 8LS)
Batting: SHB Luis Alonso 0-0: Ball
1-0: Called Strike
1-1: Ball
2-1: Foul Ball, location: 2F
2-2: Fly out, F8 (Flyball, 8RM)
Top of the 8th over - 4 run(s), 4 hit(s), 0 error(s), 2 left on base; Riverside 7 - Red Deer 16
BOTTOM OF THE 8TH
Red Deer Wranglers batting - Pitching for Riverside Red Bulls : RHP Ricardo López
Batting: RHB Tom Rowe 0-0: Ball
1-0: Ball
2-0: Ball
3-0: Called Strike
3-1: Foul Ball, location: 2F
3-2: SINGLE (Line Drive, 56D)
Batting: RHB Paul Swift 0-0: Ball
1-0: Ball
2-0: Foul Ball, location: 2F
2-1: Swinging Strike
2-2: Grounds into double play, 5-4-3 (Groundball, 5L)
Batting: LHB Greg Nelson 0-0: Foul Ball, location: 2F
0-1: Ground out 4-3 (Groundball, 34)
Bottom of the 8th over - 0 run(s), 1 hit(s), 0 error(s), 0 left on base; Riverside 7 - Red Deer 16
TOP OF THE 9TH
Riverside Red Bulls batting - Pitching for Red Deer Wranglers : RHP José Ramos
Now in RF: Del Kennedy
Batting: RHB Tom Howe 0-0: Ball
1-0: SINGLE (Line Drive, 7LS)
Batting: RHB Pedro Mata 0-0: Foul Ball, location: 2F
0-1: Swinging Strike
0-2: Fly out, F3 (Popup, 3F)
Batting: LHB Paco Rivera 0-0: Swinging Strike
0-1: Ball
1-1: Foul Ball, location: 2F
1-2: Foul Ball, location: 2F
1-2: Foul Ball, location: 2F
1-2: Fly out, F8 (Flyball, 8LD)
Runner from 1st tags up, SAFE at 2nd
Batting: RHB Earnest Finnegan 0-0: Foul Ball, location: 2F
0-1: SINGLE (Groundball, 6MD)
Tom Howe to third
Runner from 3rd tries for Home, SAFE, no throw or cutoff
Batting: RHB Marcos Hernández 0-0: Called Strike
0-1: Ball
1-1: Foul Ball, location: 2F
1-2: Fly out, F8 (Flyball, 8LD)
Top of the 9th over - 1 run(s), 2 hit(s), 0 error(s), 1 left on base; Riverside 8 - Red Deer 16
Monday, December 5th, 2016 - OOTP Baseball 17.12 Build 75